 Dungeon Crawl Stone Soup version 0.23.2 (webtiles) character file.

Game seed: 13192350681315811170

378 Illumine the Vexing (level 6, 0/33 HPs)
             Began as a Deep Elf Enchanter on Oct 18, 2019.
             Slain by an orc wizard
             ... wielding a +0 dagger
              (5 damage)
             ... on level 4 of the Dungeon.
             The game lasted 00:12:09 (5860 turns).

Illumine the Vexing (Deep Elf Enchanter)            Turns: 5860, Time: 00:12:10

Health: 0/33       AC:  2    Str:  5    XL:     6   Next: 45%
Magic:  5/16       EV: 15    Int: 22    God:
Gold:   204        SH:  0    Dex: 15    Spells: 4/16 levels left

rFire    + . .     SeeInvis .   a - +1 dagger
rCold    . . .     Gourm    .   (no shield)
rNeg     . . .     Faith    .   c - +0 robe
rPois    .         Spirit   .   (no helmet)
rElec    .         Reflect  .   (no cloak)
rCorr    .         Harm     .   (no gloves)
MR       .....                  (no boots)
Stlth    +++.......             (no amulet)
HPRegen  0.11/turn              g - ring of protection from fire
MPRegen  0.15/turn              (no ring)

@: slowed, very slow
A: no striking features
a: no special abilities


You were on level 4 of the Dungeon.
You were not hungry.

You visited 1 branch of the dungeon, and saw 4 of its levels.

You collected 204 gold pieces.

Inventory:

Hand Weapons
 a - a +1 dagger (weapon)
 b - a +2 short sword of speed
 j - a cursed +0 club
 s - a +0 hunting sling
Missiles
 f - 196 stones (quivered)
Armour
 c - a +0 robe (worn)
Jewellery
 g - a ring of protection from fire (left hand)
 q - a +3 amulet of reflection {unknown}
 r - an uncursed amulet of the acrobat {unknown}
Scrolls
 e - 2 scrolls of noise {unknown}
 h - 2 scrolls of remove curse {unknown}
 i - 2 scrolls of identify {unknown}
 l - 2 scrolls of enchant armour {unknown}
 n - a scroll of teleportation {unknown}
 o - 2 scrolls of magic mapping {unknown}
 p - a scroll of fear {unknown}
Potions
 k - a potion of might
 m - a potion of invisibility {unknown}
 t - a potion of magic {unknown}
 u - 3 potions of heal wounds {unknown}
 v - 2 potions of curing
Comestibles
 d - 6 rations


   Skills:
 + Level 0.5 Fighting
 + Level 1.3 Short Blades
 + Level 4.9 Dodging
 - Level 4.0 Stealth
 + Level 5.5 Spellcasting
 + Level 0.9 Conjurations
 + Level 6.1 Hexes


You had 4 spell levels left.
You knew the following spells:

 Your Spells              Type           Power        Failure   Level  Hunger
a - Corona                Hex            ####...      1%          1    None
b - Ensorcelled Hibernat  Hex/Ice        ###...       4%          2    None
c - Confuse               Hex            ####....     2%          3    ##.....
d - Tukima's Dance        Hex            ####....     2%          3    ##.....
e - Dazzling Spray        Conj/Hex       ###...       7%          3    ##.....

Your spell library contained the following spells:

 Spells                   Type           Power        Failure   Level  Hunger
 Ice Form                 Ice/Tmut       #.......     67%         4    ####...
 Metabolic Englaciation   Hex/Ice        ###.......   58%         5    #####..
 Bolt of Cold             Conj/Ice       #.........   100%        6    #######
 Freezing Cloud           Conj/Ice/Air   #.........   100%        6    #######
 Ozocubu's Refrigeration  Ice            #.........   100%        6    #######
 Simulacrum               Ice/Necr       #.........   100%        6    #######


Dungeon Overview and Level Annotations

Branches:
Dungeon (4/15)
 Temple: D:4-7

Altars:
Nemelex Xobeh
Okawaru


Message History

You hit the orc wizard.
The orc wizard is lightly wounded.
All of the chunks of flesh in your inventory have rotted away.
You see here a +0 giant spiked club.
The orc wizard points at you and mumbles some strange words.
You feel yourself slow down. The orc wizard closely misses you.
Casting: Confuse (safe; 2% risk of failure)
Confirm with . or Enter, or press ? or * to list all spells.
Okay, then.
Casting: Confuse (safe; 2% risk of failure)
Confirm with . or Enter, or press ? or * to list all spells.
Aiming: Dazzling Spray (safe; 7% risk of failure)
Press: ? - help, Shift-Dir - straight line, f/p - orc wizard
Aim: an orc wizard, wielding a +0 dagger and wearing a +0 robe (lightly wounded, fast)
The spray of energy hits the orc wizard.
The orc wizard is heavily wounded.
The orc wizard is dazzled.
The orc wizard hits you with a +0 dagger.
You die...

..........#..##..#
#............##..#
#........(###.#..##
#........##
#....##############
##.......#
#...#...o..........
##......##
##..#.######.######
#.#...#.###.#.#.# #.#
#.######...##.#o# #.# ###.#
###....@.# ##.######..
..#.########.##.###
#.........#
.............##.#
#.#o#####.#
##..###########.#######.#.#
#.# #[.# #.. ....#.#.# #.
#..# ######....#.#######
#..# #...........)....o.
#.## #.# ##......#######
#.# #####.#######...#


You could see an orc wizard (blind).

Vanquished Creatures
  An ogre (D:3)
  A hound (D:4)
  A bullfrog skeleton (D:4)
  A quasit (D:3)
  A worker ant (D:4)
  8 adders
  An ooze (D:2)
  A worm (D:3)
  A dart slug (D:3)
  2 leopard geckos
  2 orcs
  2 ball pythons
  3 giant cockroaches
  7 goblins
  8 hobgoblins
  6 jackals
  4 bats
  2 frilled lizards
  5 kobolds
  4 rats
61 creatures vanquished.

Vanquished Creatures (collateral kills)
  An ogre (D:4)
1 creature vanquished.

Grand Total: 62 creatures vanquished

Notes
Turn   | Place    | Note
-------+----------+-------------------------------------------
     0 | D:1      | Illumine the Deep Elf Enchanter began the quest for the
                  | Orb.
     0 | D:1      | Reached XP level 1. HP: 10/10 MP: 6/6
   870 | D:2      | Reached XP level 2. HP: 7/15 MP: 5/8
  1056 | D:2      | Learned a level 2 spell: Ensorcelled Hibernation
  1588 | D:1      | Found a sparkling altar of Nemelex Xobeh.
  1744 | D:1      | Reached XP level 3. HP: 9/19 MP: 5/10
  2261 | D:2      | Learned a level 3 spell: Confuse
  2265 | D:2      | Learned a level 3 spell: Tukima's Dance
  3585 | D:3      | Reached skill level 5 in Hexes
  3585 | D:3      | Reached XP level 4. HP: 24/24 MP: 8/12
  4267 | D:3      | Reached XP level 5. HP: 28/28 MP: 13/13
  4331 | D:4      | Noticed an ogre
  4336 | D:4      | Learned a level 3 spell: Dazzling Spray
  4456 | D:3      | Killed an ogre
  4456 | D:3      | Reached skill level 5 in Spellcasting
  4752 | D:4      | Reached skill level 6 in Hexes
  4943 | D:4      | Reached XP level 6. HP: 8/32 MP: 5/16
  5220 | D:4      | Found an iron altar of Okawaru.
  5860 | D:4      | Slain by an orc wizard

Skill      XL: |  1  2  3  4  5 |
---------------+----------------+-----
Stealth        | 4 |  4.0
Dodging        | 3 4 |  4.9
Spellcasting   | 4 5 |  5.5
Hexes          | 5 6 |  6.1
Fighting       | |  0.5
Short Blades   | |  1.3
Conjurations   | |  0.9

Action                   |  1- 3 |  4- 6 || total
-------------------------+-------+-------++-------
Melee: Dagger            |    73 |    71 ||   144
       Short sword       |    33 |    10 ||    43
Throw: Stone             |    15 |       ||    15
 Cast: Corona            |    11 |     1 ||    12
       Ensorcelled Hiber |    31 |    26 ||    57
       Confuse           |     1 |    15 ||    16
       Tukima's Dance    |       |     4 ||     4
       Dazzling Spray    |       |     1 ||     1
  Use: Potion            |     2 |       ||     2
 Stab: Sleeping          |    16 |    18 ||    34
       Confused          |     1 |     5 ||     6
  Eat: Chunk             |     6 |     2 ||     8
       Ration            |     1 |     2 ||     3
Armor: Robe              |    18 |     7 ||    25
Dodge: Dodged            |    76 |    62 ||   138
